 Dungeon Crawl Stone Soup version 0.31-a0-236-g9a0961fb85 (webtiles) character file.

Game seed: 5937268938408844566

51 qw the Shooter (level 3, -2/21 HPs)
             Began as a Gargoyle Hexslinger on July 10, 2023.
             Slain by Terence
             ... wielding a +4 mace of holy wrath
              (6 damage)
             ... on level 2 of the Dungeon.
             The game lasted 00:00:24 (1020 turns).

qw the Shooter (Gargoyle Hexslinger)                Turns: 1020, Time: 00:00:25

Health: -2/21      AC:  5    Str: 11    XL:     3   Next: 83%
Magic:  4/4        EV: 12    Int: 13    God:
Gold:   95         SH:  0    Dex: 14    Spells: 3/4 levels left

rFire   . . .        Y - +1 sling
rCold   . . .        (no shield)
rNeg    + . .        c - +0 robe
rPois   inf          (no helmet)
rElec   +            (no cloak)
rCorr   .            (no gloves)
SInv    .            (no boots)
Will    .....        (no amulet)
Stlth   +            (no ring)
HPRegen 0.23/turn    (no ring)
MPRegen 0.09/turn

%: no passive effects
@: no status effects
A: sickness immunity, AC +3, negative energy resistance 1, electricity
resistance, torment resistance 1, petrification resistance
a: no special abilities


You were on level 2 of the Dungeon.
You visited 1 branch of the dungeon, and saw 2 of its levels.

You collected 95 gold pieces.


Innate Abilities, Weirdness & Mutations

You are immune to sickness and miasma.
Your stone body is resilient. (AC +3)
You are immune to poison.
You resist negative energy. (rN+)
You are resistant to electric shocks. (rElec)
You are resistant to unholy torment.
You are immune to petrification.


   Skills:
 - Level 2.0 Fighting
 + Level 3.6 Ranged Weapons
 - Level 1.5 Dodging
 - Level 1.0 Spellcasting
 - Level 2.6 Hexes


You had 3 spell levels left.
You knew the following spells:

 Your Spells              Type           Power      Damage    Failure   Level
a - Slow                  Hex            28%        N/A       10%         1

Your spell library contained the following spells:

 Spells                   Type           Power      Damage    Failure   Level
 Inner Flame              Hex/Fire       4%         N/A       43%         3
 Portal Projectile        Hex/Tloc       8%         N/A       43%         3
 Cause Fear               Hex            3%         N/A       67%         4

Inventory:

Hand Weapons
 Y - a +1 sling (weapon)
Armour
 c - a +0 robe (worn)
Scrolls
 a - a scroll of fear {unknown}
 b - a scroll of fog {unknown}
Potions
 d - a potion of brilliance {unknown}
 e - a potion of curing {unknown}
 f - a potion of attraction {unknown}
 g - a potion of cancellation {unknown}

Dungeon Overview and Level Annotations

Branches:
Dungeon (2/15)

Altars:
Xom

Annotations:
D:2 Terence


Message History

You kill the goblin!
Things that are here:
a +0 sling; a +0 club; a goblin corpse
Found a stone staircase leading down.
You now have 95 gold pieces (gained 9).
Enter note:
Enter note: You see here a wand of iceblast (14).
b - a scroll labelled MIEJAL NUESOMN
Enter note:
Enter note: You open the door.
There is an open door here.
Terence the Incautious comes into view.
He is wielding a +4 mace of holy wrath.
Terence moves out of view.
Enter note:
Enter note: Terence is nearby!
Enter note:
Enter note: You shoot a sling bullet.
The sling bullet barely misses Terence.
An endoplasm comes into view.
You shoot a sling bullet. The sling bullet hits the endoplasm.
The endoplasm is lightly wounded.
You shoot a sling bullet. The sling bullet hits the endoplasm.
You kill the endoplasm!
Terence hits you with a +4 mace of holy wrath!
You shoot a sling bullet.
The sling bullet hits Terence but does no damage.
Terence misses you.
You shoot a sling bullet. The sling bullet barely misses Terence.
Terence hits you with a +4 mace of holy wrath!
You shoot a sling bullet.
The sling bullet hits Terence but does no damage.
Terence hits you but does no damage.
You shoot a sling bullet.
The sling bullet hits Terence but does no damage.
Terence closely misses you.
Terence hits you with a +4 mace of holy wrath.
You die...

#.._..... #........
#........ #.#..#.#.
##+## # #......#.
##...## .# ######(##
##.....## ### .# #.#
##.......## ##.#.# #.#
#.........####.@@.####
...
+.........'............
...
#.........####....#####
##.......## ##.#.#
##.....## ###.#
#.......# .# #/##+##.#
# #.##.# .#
#.##.##.#####


You could see Terence.

Vanquished Creatures
  An adder (D:2)
  A bat (D:1)
  4 endoplasms
  5 goblins
  5 hobgoblins (D:1)
  3 jackals (D:1)
  A kobold (D:1)
  4 quokkas
  2 ball pythons
  3 frilled lizards (D:1)
  10 rats (D:1)
39 creatures vanquished.

Notes
Turn   | Place    | Note
-------+----------+-------------------------------------------
     0 | D:1      | qw the Gargoyle Hexslinger began the quest for the Orb.
     0 | D:1      | Reached XP level 1. HP: 12/12 MP: 2/2
     0 | D:1      | 0 ||| qw: Version: 0.3-a-52-g30416fa
     0 | D:1      | 0 ||| qw: Game counter: 4794
     0 | D:1      | 0 ||| qw: Melee chars always use a shield: true
     0 | D:1      | 0 ||| qw: God list: Okawaru
     0 | D:1      | 0 ||| qw: Allow faded altars: false
     0 | D:1      | 0 ||| qw: Do Orc after clearing Dungeon:15 true
     0 | D:1      | 0 ||| qw: Do second Lair branch before Depths: true
     0 | D:1      | 0 ||| qw: Lair rune preference: random
     0 | D:1      | 0 ||| qw: Goals: Normal
     0 | D:1      | 0 ||| PLANNING D:1-11
   143 | D:1      | Reached XP level 2. HP: 16/16 MP: 3/3
   220 | D:1      | Reached skill level 3 in Ranged Weapons
   476 | D:1      | Reached XP level 3. HP: 21/21 MP: 4/4
   721 | D:1      | 721 ||| READING scroll labelled FUBOP TITUD.
   722 | D:1      | 722 ||| DROPPING scroll of poison.
   743 | D:2      | Found a shimmering altar of Xom.
  1012 | D:2      | Noticed Terence
  1018 | D:2      | HP: 3/21 [Terence/+4 mace of holy wrath (9)]
  1020 | D:2      | Slain by Terence

Levels and vault maps discovered:
D:1:      dpeg_arrival_solitude, layout_basic, minmay_rat_gold_closets
D:2:      layout_loops_corners, basic_altar, minmay_3d_cube, uniq_terence

Skill      XL: |  1  2 |
---------------+-------+-----
Ranged Weapons | 3 |  3.6
Fighting       | 2 |  2.0
Dodging        | |  1.5
Spellcasting   | |  1.0
Hexes          | |  2.6

Action                     || total
---------------------------++-------
   Fire: Sling             ||   104
    Use: Scroll            ||     1
 Armour: Robe              ||    21
  Dodge: Dodged            ||    19

Table legend:
 A = Non-vault XP
 B = Vault XP
 C = Vault XP percentage of total XP
 D = Non-vault monster count
 E = Vault monster count
 F = Vault count percentage of total count
                 A         B        C        D         E       F
            +---------+---------+-------+---------+---------+-------
      Total |      63 |      11 |  14.9 |      30 |       9 |  23.1
            +---------+---------+-------+---------+---------+-------
        D:1 |      41 |       7 |  14.6 |      24 |       7 |  22.6
        D:2 |      22 |       4 |  15.4 |       6 |       2 |  25.0
            +---------+---------+-------+---------+---------+-------
